AoeStats
← BenitoKmelo

Hill Fort

503944395Analyzed
4v4 RM · 29d ago on Sep 3, 2026· 40m 35s· 8 players
Game mode
Random Map
Map size
Large (8 player)
Population
200
Speed
Normal
Resources
Standard
Victory
Conquest
Starting age
Dark Age
Ending age
Imperial Age
RankedLock teamsTeams togetherTeam positionsShared explorationLock speedFull tech treeHidden civsTurbo modeCheats
Victory
Defeat
🇲🇽 Burgundians · Mexico
1080
+17
🇺🇸 Poles · United States
1072
+17
🇹🇼 Byzantines · Taiwan
1068
+17
🇹🇼 Slavs · Taiwan
1065
+18
🇲🇽 Armenians · Mexico
1159
-20
🇨🇳 Romans · China
1139
-19
🇲🇽 Koreans · Mexico
1124
-18
🇨🇱 Japanese · Chile
981
-12
moonmichael
12:44 Feudal Age
16:59 Castle Age
15:36 Horse Collar
15:54 Double-Bit Axe
18:08 Wheelbarrow
18:42 Bow Saw
21:08 Heavy Plow
23:08 Hand Cart
26:34 Szlachta Privileges
28:05 Forging
28:01 Scale Barding Armor
28:19 Light Cavalry
29:09 Bloodlines
29:01 Husbandry
29:42 Iron Casting
35:18 Chain Barding Armor
38:29 Imperial Age
37:31 Scale Mail Armor
37:37 Arson
37:53 Squires
39:34 Conscription
Axolotlin
4:19 Double-Bit Axe
11:24 Feudal Age
17:53 Castle Age
16:40 Bow Saw
16:19 Horse Collar
17:37 Loom
20:26 Two-Man Saw
20:33 Gold Mining
21:37 Heavy Plow
22:33 Wheelbarrow
21:48 Town Watch
22:37 Stone Mining
23:22 Gold Shaft Mining
23:35 Fervor
26:44 Hand Cart
27:23 Ballistics
27:46 Stone Shaft Mining
28:15 Crop Rotation
31:24 Imperial Age
30:30 Town Patrol
30:32 Scale Mail Armor
30:39 Padded Archer Armor
33:07 Leather Archer Armor
33:54 Chemistry
33:03 Scale Barding Armor
32:33 Elite Skirmisher
33:07 Fletching
34:22 Conscription
34:08 Bodkin Arrow
34:14 Bodkin Arrow
34:11 Cavalier
34:51 Husbandry
35:20 Guard Tower
35:27 Paladin
36:20 Treadmill Crane
37:52 Keep
37:36 Forging
38:57 Chain Barding Armor
38:39 Bracer
39:17 Iron Casting
42:07 Blast Furnace
41:43 Plate Barding Armor
Gary038202
10:38 Feudal Age
15:08 Castle Age
13:30 Horse Collar
14:04 Double-Bit Axe
16:56 Bow Saw
17:18 Heavy Plow
17:08 Loom
25:18 Wheelbarrow
28:43 Hand Cart
28:46 Crossbowman
32:56 Imperial Age
30:40 Thumb Ring
30:49 Gold Mining
30:50 Stone Mining
32:30 Gold Shaft Mining
31:29 Elite Skirmisher
32:21 Fletching
32:32 Padded Archer Armor
33:05 Arbalester
34:10 Logistica
34:21 Conscription
35:31 Chemistry
34:51 Ballistics
34:43 Bodkin Arrow
35:03 Leather Archer Armor
36:40 Greek Fire
36:03 Elite Cataphract
38:50 Bracer
tyshuff
11:43 Feudal Age
19:48 Castle Age
19:19 Horse Collar
19:27 Double-Bit Axe
22:15 Husbandry
22:29 Bloodlines
27:40 Scale Barding Armor
27:46 Forging
28:21 Gold Mining
28:43 Heavy Plow
28:57 Bow Saw
29:42 Chain Barding Armor
30:16 Loom
33:09 Wheelbarrow
35:09 Imperial Age
33:22 Gold Shaft Mining
36:27 Iron Casting
35:55 Scale Mail Armor
36:45 Plate Barding Armor
38:13 Crop Rotation
38:03 Hand Cart
38:57 Blast Furnace
39:25 Conscription
39:16 Elite Boyar
BenitoKmelo
7:48 Loom
10:15 Feudal Age
10:49 Double-Bit Axe
10:48 Horse Collar
13:50 Forging
16:16 Wheelbarrow
20:38 Castle Age
19:24 Scale Barding Armor
19:25 Scale Mail Armor
18:48 Man-at-Arms
21:10 Gold Mining
20:59 Long Swordsman
22:15 Iron Casting
21:57 Arson
22:16 Squires
23:09 Chain Mail Armor
Ratchet2krox
11:59 Feudal Age
13:16 Loom
16:21 Castle Age
14:33 Double-Bit Axe
14:57 Horse Collar
15:34 Gold Mining
16:25 Stone Mining
17:27 Bow Saw
18:49 Wheelbarrow
26:50 Hand Cart
28:46 Gold Shaft Mining
31:36 Imperial Age
29:27 Fletching
29:37 Padded Archer Armor
30:07 Forging
30:41 Bodkin Arrow
31:41 Leather Archer Armor
31:37 Scale Mail Armor
32:14 Iron Casting
31:30 Pikeman
32:10 Squires
31:56 Gambesons
31:56 Arson
32:29 Bracer
33:31 Chemistry
32:52 Ballistics
31:56 Elite Composite Bowman
32:57 Conscription
32:54 Fereters
33:10 Conscription
37:02 Halberdier
39:38 Chain Mail Armor
39:55 Ring Archer Armor
41:57 Blast Furnace
41:04 Cilician Fleet
Jaimelens
5:37 Loom
12:30 Feudal Age
14:45 Double-Bit Axe
17:08 Castle Age
15:01 Horse Collar
22:14 Bow Saw
24:00 Wheelbarrow
24:03 Stone Mining
24:11 Gold Mining
25:16 Forging
27:39 Iron Casting
27:04 Scale Mail Armor
28:45 Hand Cart
28:33 Pikeman
29:13 Squires
33:41 Imperial Age
32:15 Chain Mail Armor
31:48 Town Watch
34:22 Gold Shaft Mining
34:02 Halberdier
37:10 Plate Mail Armor
37:40 Blast Furnace
37:12 Arson
40:32 Blast Furnace
很蓝的啦
10:41 Feudal Age
11:23 Double-Bit Axe
16:07 Castle Age
14:01 Horse Collar
14:34 Gold Mining
15:43 Stone Mining
16:30 Loom
16:58 Bow Saw
16:52 Heavy Plow
17:56 Heavy Plow
19:38 Gold Shaft Mining
22:54 Wheelbarrow
24:08 Town Watch
25:10 Hand Cart
25:57 Ballistics
26:28 Masonry
27:18 Pikeman
27:59 Squires
28:58 Scale Mail Armor
29:09 Forging
32:42 Imperial Age
31:01 Chain Mail Armor
30:55 Ballistas
30:47 Man-at-Arms
32:55 Iron Casting
32:35 Bloodlines
32:26 Husbandry
32:56 Scale Barding Armor
32:15 Light Cavalry
32:24 Long Swordsman
33:59 Crop Rotation
34:00 Comitatenses
33:16 Capped Ram
33:23 Legionary
35:24 Halberdier
37:32 Conscription
38:49 Blast Furnace
39:43 Chain Barding Armor
Connection lost

Rejoining the realm…

Still unreachable

The connection could not be restored.

Session expired

The server has moved on; the page needs a fresh start.